 Dungeon Crawl Stone Soup version 0.29.1-15-g9cfb28693d (webtiles) character file.

Game seed: 234588305935757901

194 Ast3rio the Grave Robber (level 5, -1/22 (28) HPs)
             Began as a Deep Elf Necromancer on Mar 15, 2023.
             Slain by a necrophage (6 damage)
             ... on level 4 of the Dungeon.
             The game lasted 00:10:15 (3775 turns).

Ast3rio the Grave Robber (Deep Elf Necromancer)     Turns: 3775, Time: 00:10:15

HP:   -1/22 (28)    AC:  2    Str:  5    XL:     5   Next: 44%
MP:   14/15         EV: 13    Int: 22    God:
Gold: 243           SH:  0    Dex: 15    Spells: 7/15 levels left

rFire   . . .      SeeInvis .   n - +2 dagger (venom)
rCold   . . .      Faith    .   (no shield)
rNeg    . . .      Spirit   .   a - +0 robe
rPois   .          Reflect  .   (no helmet)
rElec   .          Harm     .   (no cloak)
rCorr   .          Rampage  .   (no gloves)
Will    .....                   (no boots)
Stlth   ++........              (no amulet)
HPRegen 0.07/turn               (no ring)
MPRegen 0.14/turn               (no ring)

@: heavily drained
A: no striking features
a: no special abilities


You were on level 4 of the Dungeon.
You visited 1 branch of the dungeon, and saw 4 of its levels.

You collected 243 gold pieces.

Inventory:

Hand Weapons
 n - a +2 dagger of venom (weapon)
 p - a +2 flail of protection
Armour
 a - a +0 robe (worn)
Jewellery
 d - a ring of protection from cold
Scrolls
 c - 2 scrolls of teleportation {unknown}
 e - 3 scrolls of summoning {unknown}
 f - a scroll of noise {unknown}
 h - a scroll of identify {unknown}
 o - a scroll of amnesia {unknown}
Potions
 b - a potion of magic
 g - a potion of berserk rage {unknown}
 i - a potion of cancellation {unknown}
 j - a potion of ambrosia {unknown}
 k - a potion of curing {unknown}
 l - a potion of degeneration {unknown}
 m - 2 potions of mutation {unknown}


   Skills:
 + Level 2.7 Dodging
 + Level 2.7 Stealth
 + Level 0.4 Unarmed Combat
 + Level 5.7 Spellcasting
 + Level 6.3 Necromancy


You had 7 spell levels left.
You knew the following spells:

 Your Spells              Type           Power      Damage    Failure   Level
a - Necrotise             Necr           100%       1d9       1%          1
b - Vampiric Draining     Necr           34%        2d8       1%          3
c - Animate Dead          Necr           34%        N/A       7%          4

Your spell library contained the following spells:

 Spells                   Type           Power      Damage    Failure   Level
 Agony                    Necr           34%        N/A       19%         5


Dungeon Overview and Level Annotations

Branches:
Dungeon (4/15)
 Temple: D:4-7

Altars:


Message History

You hit the necrophage.
The necrophage is moderately damaged.
The necrophage closely misses you.
You hit the necrophage.
The necrophage is moderately damaged.
The necrophage hits you.
You feel drained.
You hit the necrophage.
The necrophage is heavily damaged.
The necrophage hits you.
* * * LOW HITPOINT WARNING * * *
You feel drained.
* * * LOW HITPOINT WARNING * * *
Casting: Necrotise (safe; 1% risk of failure)
Confirm with . or Enter, or press ? or * to list all spells.
You can't see any susceptible monsters within range! (Use Z to cast anyway.)
Casting: Necrotise (safe; 1% risk of failure)
Confirm with . or Enter, or press ? or * to list all spells.
You can't see any susceptible monsters within range! (Use Z to cast anyway.)
Casting: Necrotise (safe; 1% risk of failure)
Confirm with . or Enter, or press ? or * to list all spells.
You can't see any susceptible monsters within range! (Use Z to cast anyway.)
Casting: Necrotise (safe; 1% risk of failure)
Confirm with . or Enter, or press ? or * to list all spells.
You don't know that spell.
Casting: Necrotise (safe; 1% risk of failure)
Confirm with . or Enter, or press ? or * to list all spells.
You can't see any susceptible monsters within range! (Use Z to cast anyway.)
Casting: Necrotise (safe; 1% risk of failure)
Confirm with . or Enter, or press ? or * to list all spells.
Aiming: Necrotise (safe; 1% risk of failure)
Press: ? - help, Shift-Dir - straight line, f - necrophage
Aim: a necrophage (heavily damaged, not susceptible)
The necrophage is unaffected.
The necrophage barely misses you.
You hit the necrophage.
The necrophage is severely damaged.
The necrophage misses you.
You hit the necrophage.
The necrophage is almost destroyed.
The necrophage hits you.
You die...

## #......).# +.
#.##.......)#### ##.
................ ...
#.#.....####..## ...
#$#.....##.....#
..#.####.#....)##.....#
S.............##.....#
##.#...##.....##....<.
#...n@.''.....###+###.
#......##.....### #
#......####.....#
.....$#### ###...#
###.#. #.>.# #.#. #...#
# # #####


You could see a necrophage.

Vanquished Creatures
  A hound (D:3)
  3 gnolls (D:4)
  7 adders
  2 worms
  A dart slug (D:1)
  4 orcs
  7 endoplasms
  3 giant cockroaches
  3 goblins
  2 hobgoblins (D:1)
  2 jackals (D:3)
  3 quokkas (D:2)
  3 ball pythons
  4 bats
  3 frilled lizards
  3 kobolds
  A rat (D:2)
52 creatures vanquished.

Vanquished Creatures (collateral kills)
  A worm (D:3)
  A dart slug (D:3)
  A goblin (D:2)
  A rat (D:1)
4 creatures vanquished.

Grand Total: 56 creatures vanquished

Notes
Turn   | Place    | Note
-------+----------+-------------------------------------------
     0 | D:1      | Ast3rio the Deep Elf Necromancer began the quest for the
                  | Orb.
     0 | D:1      | Reached XP level 1. HP: 10/10 MP: 6/6
   246 | D:1      | Reached skill level 5 in Necromancy
   258 | D:1      | Reached XP level 2. HP: 4/15 MP: 0/8
   575 | D:1      | Found a faded altar of an unknown god.
  1384 | D:2      | Reached XP level 3. HP: 11/19 MP: 7/10
  1389 | D:2      | Learned a level 3 spell: Vampiric Draining
  2255 | D:2      | Reached XP level 4. HP: 24/24 MP: 10/12
  2612 | D:3      | Reached skill level 5 in Spellcasting
  2791 | D:3      | Reached skill level 6 in Necromancy
  2797 | D:3      | Reached XP level 5. HP: 28/28 MP: 8/14
  3335 | D:3      | Learned a level 4 spell: Animate Dead
  3454 | D:4      | HP: 1/28 [gnoll/+0 flail (12)]
  3775 | D:4      | Slain by a necrophage

Illustrated notes

Levels and vault maps discovered:
D:1:      ncdulo_lavacross, layout_basic, dilly_ecumenical_altar_fadedgnrine
D:2:      layout_rooms, kennysheep_small_spiral, grunt_decor_mini_mirrors,
          minmay_parallelograms, kennysheep_pointless_box, minmay_tetromino_s2
D:3:      layout_loops_ring
D:4:      layout_basic, mainiacjoe_overflow_six_doors_small,
          portal_sewer_entry_f, uniq_robin, uniq_eustachio

Skill      XL: |  1  2  3  4 |
---------------+-------------+-----
Necromancy     | 5 6 |  6.3
Spellcasting   | 4 5 |  5.7
Dodging        | |  2.7
Stealth        | |  2.7
Unarmed Combat | |  0.4

Action                   |  1- 3 |  4- 6 || total
-------------------------+-------+-------++-------
Melee: Unarmed           |    42 |       ||    42
       Dagger            |       |    12 ||    12
 Cast: Necrotise         |    52 |    58 ||   110
       Vampiric Draining |       |     2 ||     2
Armor: Robe              |    25 |     4 ||    29
Dodge: Dodged            |    50 |    18 ||    68
